 Dungeon Crawl Stone Soup version 0.31.0-32-g396128a36d (webtiles) character file.

Game seed: 11158673744869304472

5 Gest the Firebug (level 1, 0/18 HPs)
             Began as a Human Cinder Acolyte on Mar 28, 2024.
             Was a High Priest of Ignis.
             Slain by a quokka (5 damage)
             ... on level 1 of the Dungeon.
             The game lasted 00:01:18 (260 turns).

Gest the Firebug (Human Cinder Acolyte)              Turns: 260, Time: 00:01:18

Health: 0/18       AC:  2    Str: 14    XL:     1   Next: 80%
Magic:  2/2        EV: 11    Int: 14    God:    Ignis [*****.]
Gold:   24         SH:  0    Dex:  8    Spells: 2/2 levels left

rFire   + . .        a - -1 falchion (flame)
rCold   . . .        (no shield)
rNeg    . . .        b - +0 robe
rPois   .            (no helmet)
rElec   .            (no cloak)
rCorr   .            (no gloves)
SInv    .            (no boots)
Will    .....        (no amulet)
Stlth   +            (no ring)
HPRegen 0.23/turn    (no ring)
MPRegen 0.08/turn

%: no passive effects
@: no status effects
A: explore regen
a: Renounce Religion, Fiery Armour, Foxfire Swarm, Rising Flame


You were on level 1 of the Dungeon.
You worshipped Ignis.
Ignis was extremely pleased with you.
You visited 1 branch of the dungeon, and saw 1 of its levels.

You collected 24 gold pieces.

Inventory:

Hand Weapons
 a - a -1 falchion of flaming (weapon)
Armour
 b - a +0 robe (worn)
Scrolls
 c - a scroll of enchant weapon {unknown}
Potions
 d - 2 potions of invisibility {unknown}


   Skills:
 + Level 3.1 Fighting
 + Level 3.0 Long Blades
 + Level 1.0 Spellcasting
 + Level 3.3 Fire Magic


You had 2 spell levels left.
You didn't know any spells.
Your spell library contained the following spells:

 Spells                   Type           Power      Damage    Failure   Level
 Scorch                   Fire           18%        2d5       11%         2


Dungeon Overview and Level Annotations

Branches:
Dungeon (1/15)

Altars:


Innate Abilities, Weirdness & Mutations

You regain HP and MP as you explore.


Message History

There are monsters nearby!
A quokka and a jackal come into view.
The jackal barks!
The jackal moves out of view.
The jackal bites you.
You hit the jackal. You burn the jackal.
You kill the jackal!
The jackal bites you. The quokka bites you. The jackal barely misses you.
You hit the quokka. You burn the quokka.
You kill the quokka!
The jackal bites you but does no damage.
You closely miss the jackal. The jackal barely misses you.
The jackal completely misses you. The jackal closely misses you.
The jackal barely misses you.
You barely miss the jackal. The jackal bites you. x2
You hit the jackal. You burn the jackal.
The jackal is heavily wounded.
The jackal bites you. x2; The jackal barely misses you.
The jackal closely misses you.
You barely miss the jackal.
The jackal is moderately wounded.
The jackal barely misses you. The jackal closely misses you.
A quokka comes into view.
The jackal closely misses you.
The jackal bites you but does no damage.
You hit the jackal. You burn the jackal.
The jackal is severely wounded.
The jackal barely misses you.
The jackal bites you but does no damage.
You hit the jackal. You burn the jackal.
You kill the jackal!
The jackal bites you.
* * * LOW HITPOINT WARNING * * *
The jackal closely misses you. The jackal bites you.
* * * LOW HITPOINT WARNING * * *
You closely miss the jackal. The jackal barely misses you.
You closely miss the jackal. The jackal barely misses you.
The quokka bites you.
You die...

................##.####..#
.<..........⌠...##.####..#
................##...#...#
......⌠........#####.#..##
..........⌠...##.....# .#
.⌠..........####.#####...
........########........
######### #...####...
#..@# .# #.rh##...#
#...†..# #..........#
#....#.....# #.####......
.>. .....# ..## .#..# ###
..#..


You could see a quokka and a jackal.

Vanquished Creatures
  A bat (D:1)
  2 jackals (D:1)
  A quokka (D:1)
4 creatures vanquished.

Notes
Turn   | Place    | Note
-------+----------+-------------------------------------------
     0 | D:1      | Gest the Human Cinder Acolyte began the quest for the Orb.
     0 | D:1      | Reached XP level 1. HP: 18/18 MP: 2/2
   260 | D:1      | Slain by a quokka

Illustrated notes

Levels and vault maps discovered:
D:1:      dpeg_arrival_water_temple_mockup, layout_basic, chequers_big_river

Action                     || total
---------------------------++-------
  Melee: Falchion          ||    11
 Armour: Robe              ||    14
  Dodge: Dodged            ||    16
